AoeStats
← 白鹿城拉车车

Arena

507050912Analyzed
4v4 RM · 15d ago on Sep 16, 2026· 43m 35s· 8 players
Game mode
Random Map
Map size
Large (8 player)
Population
200
Speed
Normal
Resources
Standard
Victory
Conquest
Starting age
Dark Age
Ending age
Imperial Age
RankedLock teamsTeams togetherTeam positionsShared explorationLock speedFull tech treeHidden civsTurbo modeCheats
Victory
Defeat
🇩🇪 Turks · Germany
1463
+14
🇬🇧 Italians · United Kingdom
1396
+17
🇩🇪 Khmer · Germany
1384
+19
🇩🇪 Burmese · Germany
1366
+18
🇨🇳 Mongols · China
1440
-18
🇨🇳 Jurchens · China
1433
-17
🇦🇷 Britons · Argentina
1421
-17
🇨🇳 Georgians · China
1389
-16
执者如旗
10:57 Feudal Age
14:40 Castle Age
12:43 Double-Bit Axe
15:09 Gold Mining
19:58 Ballistics
23:04 Siege Engineers
24:20 Padded Archer Armor
24:17 Horse Collar
27:34 Wheelbarrow
32:09 Leather Archer Armor
33:15 Hand Cart
37:04 Imperial Age
36:18 Bow Saw
37:30 Heavy Rocket Cart
German3333
10:36 Feudal Age
14:53 Castle Age
12:41 Double-Bit Axe
12:57 Horse Collar
14:58 Loom
16:12 Fletching
17:10 Bow Saw
22:45 Bodkin Arrow
24:18 Ballistics
25:18 Yeomen
27:21 Wheelbarrow
26:37 Treadmill Crane
27:15 Heavy Plow
27:10 Gold Mining
27:14 Town Watch
31:28 Imperial Age
29:54 Padded Archer Armor
30:43 Gold Shaft Mining
29:58 Stone Mining
30:43 Gold Shaft Mining
30:25 Masonry
32:10 Bracer
32:25 Leather Archer Armor
33:11 Chemistry
32:48 Siege Engineers
33:28 Conscription
33:36 Elite Longbowman
36:56 Ring Archer Armor
39:05 Two-Man Saw
38:47 Architecture
38:54 Hoardings
39:03 Hoardings
适才相戏尔
10:05 Feudal Age
11:51 Double-Bit Axe
14:19 Castle Age
12:15 Horse Collar
13:54 Gold Mining
15:18 Bow Saw
16:10 Loom
20:57 Stone Mining
24:24 Heavy Plow
24:57 Fletching
25:36 Bodkin Arrow
32:39 Imperial Age
33:10 Gold Shaft Mining
35:11 Chemistry
34:59 Drill
35:15 Pikeman
37:58 Conscription
白鹿城拉车车
10:57 Feudal Age
15:03 Castle Age
12:44 Man-at-Arms
13:50 Double-Bit Axe
14:14 Horse Collar
17:32 Gambesons
18:27 Scale Mail Armor
20:27 Wheelbarrow
23:45 Bow Saw
25:24 Heavy Plow
26:56 Stone Mining
26:56 Gold Mining
27:01 Fletching
27:25 Treadmill Crane
27:55 Bodkin Arrow
28:02 Guard Tower
29:30 Ballistics
32:44 Imperial Age
30:17 Gold Mining
32:10 Forging
32:01 Scale Mail Armor
32:19 Hand Cart
31:50 Loom
31:52 Town Watch
33:23 Stone Shaft Mining
33:07 Svan Towers
34:50 Chemistry
34:38 Bracer
34:27 Arrowslits
35:08 Conscription
36:07 Keep
35:10 Pikeman
35:50 Squires
35:53 Halberdier
38:03 Iron Casting
37:43 Chain Mail Armor
40:00 Coinage
42:34 Blast Furnace
42:05 Plate Mail Armor
43:01 Masonry
43:19 Padded Archer Armor
43:29 Elite Skirmisher
Darealown
10:28 Feudal Age
9:15 Loom
13:43 Castle Age
12:03 Double-Bit Axe
14:45 Bow Saw
14:25 Horse Collar
15:25 Heavy Plow
19:32 Bow Saw
20:21 Wheelbarrow
19:34 Town Watch
20:32 Gold Mining
22:44 Bloodlines
23:10 Scale Barding Armor
24:12 Chain Barding Armor
24:05 Husbandry
25:03 Forging
25:40 Light Cavalry
27:40 Hand Cart
28:40 Iron Casting
30:38 Imperial Age
28:31 Devotion
29:39 Gold Shaft Mining
31:04 Ballistics
32:02 Conscription
31:44 Double Crossbow
32:53 Plate Barding Armor
33:19 Blast Furnace
31:54 Heavy Scorpion
34:24 Crop Rotation
35:03 Chemistry
34:17 Siege Engineers
33:39 Elite Battle Elephant
36:36 Chemistry
35:17 Hussar
35:33 Capped Ram
37:08 Masonry
36:50 Siege Ram
The Gravekeeper
9:29 Feudal Age
14:30 Castle Age
12:26 Double-Bit Axe
13:36 Horse Collar
17:01 Loom
22:16 Wheelbarrow
22:42 Fletching
24:18 Bodkin Arrow
24:38 Stone Mining
27:15 Gold Mining
28:39 Heavy Plow
29:42 Hand Cart
30:11 Scale Barding Armor
30:17 Forging
33:45 Imperial Age
32:05 Bow Saw
31:43 Town Watch
32:55 Chain Barding Armor
33:11 Iron Casting
32:54 Bloodlines
33:07 Light Cavalry
33:59 Husbandry
34:57 Conscription
35:16 Plate Barding Armor
35:14 Hussar
37:32 Blast Furnace
38:25 Chemistry
37:35 Cavalier
42:13 Ballistics
Fanume
10:33 Feudal Age
14:41 Castle Age
12:43 Gold Mining
17:45 Fervor
17:56 Sanctity
18:32 Wheelbarrow
20:56 Redemption
21:20 Horse Collar
24:39 Heavy Plow
24:31 Stone Mining
27:09 Gold Shaft Mining
27:36 Hand Cart
27:10 Loom
30:13 Imperial Age
28:48 Scale Barding Armor
28:53 Forging
30:27 Chain Barding Armor
30:52 Ballistics
31:09 Iron Casting
30:53 Husbandry
31:03 Bloodlines
30:40 Elite Battle Elephant
31:57 Plate Barding Armor
31:55 Town Watch
33:12 Conscription
33:00 Manipur Cavalry
33:04 Howdah
35:04 Blast Furnace
34:43 Siege Engineers
36:50 Guard Tower
37:13 Masonry
36:56 Fletching
40:44 Bodkin Arrow
41:27 Keep
41:53 Chemistry
40:34 Treadmill Crane
41:24 Architecture
42:57 Bracer
42:55 Murder Holes
Furret
1:45 Loom
10:50 Feudal Age
11:54 Loom
14:39 Castle Age
23:08 Padded Archer Armor
30:06 Fletching
31:11 Double-Bit Axe
41:38 Imperial Age
41:28 Leather Archer Armor
42:27 Wheelbarrow
41:37 Town Watch
42:16 Horse Collar
43:17 Ring Archer Armor
43:58 Forging
Connection lost

Rejoining the realm…

Still unreachable

The connection could not be restored.

Session expired

The server has moved on; the page needs a fresh start.